 Dungeon Crawl Stone Soup version 0.30-a0-305-g026cb31310 (webtiles) character file.

Game seed: 11104855328954369115

163 koil the Sneak (level 5, -4/27 HPs)
             Began as a Spriggan Brigand on Oct 22, 2022.
             Killed by divine providence
             ... invoked by an orc priest
              (13 damage)
             ... on level 3 of the Dungeon.
             The game lasted 00:06:10 (2288 turns).

koil the Sneak (Spriggan Brigand)                   Turns: 2288, Time: 00:06:10

Health: -4/27      AC:  3    Str:  7    XL:     5   Next: 20%
Magic:  9/9        EV: 18    Int: 14    God:
Gold:   162        SH:  0    Dex: 17    Spells: 8/8 levels left

rFire   . . .      SeeInvis +    a - +2 dagger
rCold   . . .      Faith    .    (no shield)
rNeg    . . .      Spirit   .    b - +0 robe
rPois   .          Reflect  .    (helmet restricted)
rElec   .          Harm     .    c - +0 cloak
rCorr   .          Rampage  .    (gloves unavailable)
Will    .....                    (boots unavailable)
Stlth   ++++......               o - amulet of regeneration
HPRegen 1.04/turn                (no ring)
MPRegen 0.11/turn                (no ring)

@: very quick
A: very small, no large weapons, unfitting armour, see invisible, speed 3
a: no special abilities


You were on level 3 of the Dungeon.
You visited 1 branch of the dungeon, and saw 3 of its levels.

You collected 162 gold pieces.

Inventory:

Hand Weapons
 a - a +2 dagger (weapon)
 q - a +0 short sword of freezing
Missiles
 d - 15 poisoned darts (quivered)
 e - 3 curare-tipped darts
 r - a throwing net
Armour
 b - a +0 robe (worn)
 c - a +0 cloak (worn)
Jewellery
 h - an amulet of guardian spirit
 o - an amulet of regeneration (around neck)
 v - an amulet of guardian spirit
Wands
 w - a wand of flame (14)
Scrolls
 g - 2 scrolls of fear {unknown}
 i - 2 scrolls of amnesia {unknown}
 k - a scroll of poison {unknown}
 l - a scroll of silence {unknown}
 m - a scroll of enchant weapon {unknown}
 n - 5 scrolls of identify {unknown}
 t - a scroll of fog {unknown}
 x - a scroll of magic mapping {unknown}
Potions
 f - 2 potions of brilliance {unknown}
 j - 2 potions of haste {unknown}
 p - a potion of flight {unknown}
 s - a potion of degeneration {unknown}
 u - 2 potions of mutation {unknown}


   Skills:
 + Level 2.4 Fighting
 + Level 3.2 Short Blades
 - Level 2.0 Throwing
 + Level 3.2 Dodging
 + Level 6.8 Stealth
 + Level 2.4 Spellcasting


You had 8 spell levels left.
You didn't know any spells.
Your spell library contained the following spells:

 Spells                   Type           Power      Damage    Failure   Level
 Magic Dart               Conj           4%         1d3       22%         1
 Necrotise                Necr           4%         1d4       22%         1
 Searing Ray              Conj           2%         2d4       34%         2
 Vampiric Draining        Necr           1%         2d6       56%         3
 Fulminant Prism          Conj/Hex       0%         3d6       92%         4
 Agony                    Necr           1%         N/A       99%         5
 Summon Forest            Summ/Tloc      0%         N/A       99%         5
 Eringya's Noxious Bog    Tmut/Pois      0%         N/A       100%        6
 Summon Hydra             Summ           0%         N/A       100%        7


Dungeon Overview and Level Annotations

Branches:
Dungeon (3/15)

Altars:
Fedhas
Makhleb
Uskayaw

Annotations:
D:3 Grinder


Innate Abilities, Weirdness & Mutations

You are very small and have problems with some larger weapons.
You are too small for most types of armour.
You have supernaturally acute eyesight. (SInv)
You cover ground extremely quickly. (Speed+++)


Message History

The adder closely misses you.
You hit the adder.
The adder is severely wounded.
The adder completely misses you.
You miss the adder.
The adder is severely wounded.
The adder misses you.
You miss the adder.
The adder is severely wounded.
The adder bites you.
You are poisoned.
The adder poisons you!
You hit the adder.
You kill the adder!
You feel sick.
No target in view!
No target in view!
You feel sick.
You feel sick.
You feel sick.
You feel sick.
You are no longer poisoned.
You open the door.
An orc comes into view.
It is wielding a +0 club. 2 orcs and an orc priest come into view.
There is an open door here.
Found 5 gold pieces.
The orc shouts! x2
The orc hits you with a +0 hand axe.
The orc priest shouts!
You closely miss the orc.
The orc priest invokes the aid of Beogh against you.
Beogh smites you! The orc hits you with a +0 hand axe.
* * * LOW HITPOINT WARNING * * *
You are too injured to fight recklessly!
You are too injured to fight recklessly!
You open the door.
The orc priest calls down the wrath of Beogh upon you.
Beogh smites you!
You die...

+..+.._..+..'.#
#..#.....#..#.#
#..#+###+#..#.#
#.. ..#..#.#
+##+##†##'.#
..#.....###
.#.....# #
#'##'###
#.##@##.#
###.......#
#......oo..#
..#.#.#.#.o#
.......o..##
..#.#.#.#.#
..........#
..#.#.#.#.#
#$........#


You could see an orc priest and 3 orcs.

Vanquished Creatures
  An orc wizard (D:3)
  9 adders
  A worm (D:2)
  4 orcs
  10 ball pythons
  7 endoplasms
  A giant cockroach (D:1)
  A goblin (D:1)
  A hobgoblin (D:1)
  3 jackals (D:3)
  4 kobolds
  5 quokkas
  3 bats
  5 frilled lizards
55 creatures vanquished.

Notes
Turn   | Place    | Note
-------+----------+-------------------------------------------
     0 | D:1      | koil the Spriggan Brigand began the quest for the Orb.
     0 | D:1      | Reached XP level 1. HP: 10/10 MP: 2/2
   125 | D:1      | Reached skill level 6 in Stealth
   128 | D:1      | Reached XP level 2. HP: 14/15 MP: 3/3
   528 | D:1      | Found a faded altar of an unknown god.
   763 | D:1      | Reached skill level 1 in Spellcasting
  1050 | D:2      | Reached XP level 3. HP: 12/18 MP: 5/5
  1552 | D:2      | Reached XP level 4. HP: 21/23 MP: 7/7
  1843 | D:3      | Noticed Grinder
  1979 | D:3      | Found a burning altar of Makhleb.
  2003 | D:3      | Found a faded altar of an unknown god.
  2007 | D:3      | Found a hide-covered altar of Uskayaw.
  2038 | D:3      | Reached XP level 5. HP: 16/27 MP: 9/9
  2227 | D:3      | Found a blossoming altar of Fedhas.
  2288 | D:3      | Killed from afar by an orc priest

Illustrated notes

Levels and vault maps discovered:
D:1:      dpeg_arrival_court, layout_basic, ebering_ecumenical_altar_webs
D:2:      layout_basic, serial_bayou_pond_c, minmay_octomino_j4
D:3:      layout_basic, lightli_temple_of_fire,
          nicolae_overflow_ecumenical_swirl, mainiacjoe_overflow_24_doors,
          glass_columns_c, minmay_misc_feat_enclosed,
          amcnicky_mini_corridor_feature, corexii_leaking_fountain,
          nicolae_elevator_lobby_asterisk, uniq_grinder

Skill      XL: |  1  2  3  4 |
---------------+-------------+-----
Stealth        | 6 |  6.8
Spellcasting   | 1 2 |  2.4
Dodging        | 2 3 |  3.2
Fighting       | 2 |  2.4
Short Blades   | 3 |  3.2
Throwing       | |  2.0

Action                   |  1- 3 |  4- 6 || total
-------------------------+-------+-------++-------
Melee: Dagger            |    90 |    81 ||   171
       Punch             |       |     1 ||     1
Throw: Dart              |     2 |       ||     2
 Stab: Sleeping          |    18 |     6 ||    24
Armor: Robe              |     8 |     7 ||    15
Dodge: Dodged            |    42 |    63 ||   105

Table legend: (Time is in decaauts)
 A = Elapsed time spent in this place.
 B = Non-inter-level travel time spent in this place.
 C = Inter-level travel time spent in this place.
 D = Time resting spent in this place.
 E = Time spent auto-exploring this place.
 F = Levels seen in this place.
 G = Mean time per level.
                   A        B        C        D        E       F      G
               +--------+--------+--------+--------+--------+-----+--------+
         Total |   1511 |   1485 |     26 |      0 |   1112 |   3 |  503.7 |
       Dungeon |   1511 |   1485 |     26 |      0 |   1112 |   3 |  503.7 |
               +--------+--------+--------+--------+--------+-----+--------+

Top non-repeatable levels by time:
     D:1: 591 daAuts
     D:2: 495 daAuts
     D:3: 425 daAuts
